 Dungeon Crawl Stone Soup version 0.27-a0-249-g74f53ef629 (webtiles) character file.

Game seed: 12835190894247180360

6 puppykicker the Vexing (level 1, 0/19 HPs)
             Began as an Ogre Arcane Marksman on Feb 3, 2021.
             Slain by a bat (1 damage)
             ... on level 1 of the Dungeon.
             The game lasted 00:01:24 (110 turns).

puppykicker the Vexing (Ogre Arcane Marksman)        Turns: 110, Time: 00:01:24

Health: 0/19       AC:  3    Str: 13    XL:     1   Next: 90%
Magic:  0/2        EV: 10    Int: 14    God:
Gold:   7          SH:  0    Dex:  9    Spells: 1/2 levels left

rFire    . . .     SeeInvis .   a - +0 club
rCold    . . .     Faith    .   (no shield)
rNeg     . . .     Spirit   .   b - +0 robe
rPois    .         Reflect  .   (helmet restricted)
rElec    .         Harm     .   (no cloak)
rCorr    .         Rampage  .   (gloves unavailable)
Will     .....                  (boots unavailable)
Stlth    +.........             (no amulet)
HPRegen  0.06/turn              (no ring)
MPRegen  0.08/turn              (no ring)

@: no status effects
A: large, unfitting armour, tough skin 1
a: no special abilities


You were on level 1 of the Dungeon.
You visited 1 branch of the dungeon, and saw 1 of its levels.

You collected 7 gold pieces.

Inventory:

Hand Weapons
 a - a +0 club (weapon)
Missiles
 c - a large rock (quivered)
 d - 2 throwing nets
Armour
 b - a +0 robe (worn)


   Skills:
 + Level 1.5 Fighting
 * Level 0.3 Maces & Flails
 + Level 2.1 Throwing
 + Level 0.1 Armour
 + Level 1.8 Dodging
 + Level 1.3 Spellcasting
 + Level 2.7 Hexes


You had one spell level left.
You knew the following spells:

 Your Spells              Type           Power        Failure   Level
a - Corona                Hex            8%           9%          1

Your spell library contained the following spells:

 Spells                   Type           Power        Failure   Level
 Slow                     Hex            8%           12%         2
 Inner Flame              Hex/Fire       4%           41%         3
 Portal Projectile        Hex/Tloc       8%           41%         3
 Cause Fear               Hex            4%           63%         4
 Leda's Liquefaction      Hex/Erth       2%           82%         4


Dungeon Overview and Level Annotations

Branches:
Dungeon (1/15)

Altars:


Innate Abilities, Weirdness & Mutations

You are too large for most types of armour.
You have tough skin. (AC +1)


Message History

Casting: Corona (safe; 9% risk of failure)
Aiming: Corona (safe; 9% risk of failure)
Press: ? - help, Shift-Dir - straight line, f - goblin
Aim: a goblin (chance to affect: 61%)
The goblin struggles to resist.
The goblin hits you.
* * * LOW HITPOINT WARNING * * *
You take 2 damage, and have 1/19 hp.
You now have 1/2 mp.
Casting: Corona (safe; 9% risk of failure)
Aiming: Corona (safe; 9% risk of failure)
Press: ? - help, Shift-Dir - straight line, f/p - goblin
Aim: a goblin (chance to affect: 61%)
The goblin is outlined in light.
The goblin barely misses you.
You now have 0/2 mp.
Throw: 2 large rocks
Press: ? - help, Q - select action, (/) - cycle Shift-Dir - straight line, f/p - goblin
Aim: a goblin (softly glowing, 67% to hit)
You throw a large rock. The large rock hits the goblin!!
You kill the goblin!
The bat hits you.
You die...

####.##.########
#...............
#.##.##..###### #
#.###...## #.#
###..# #.# ##.#
##.# #..#
....####.#########
#.....#Kbb@...$...
#...###...###.
##.## #..#
#[..r.K..(#..#
##.......## .#
#.......# .#
........... #
....#...#....
####.#...#.....


You could see 2 bats and a kobold.

Levels and vault maps discovered:
D:1:      sevenhm_arrival_forest_fort_small_3, layout_rooms, eino_curves_04,
          minmay_crystal_room, minmay_three_crescents

Notes
Turn   | Place    | Note
-------+----------+-------------------------------------------
     0 | D:1      | puppykicker the Ogre Arcane Marksman began the quest for
                  | the Orb.
     0 | D:1      | Reached XP level 1. HP: 19/19 MP: 2/2
    10 | D:1      | Identified a +0 club
    63 | D:1      | Identified a +0 short sword
   100 | D:1      | Identified a +0 short sword
   103 | D:1      | HP: 4/19 [leopard gecko (4)]
   108 | D:1      | HP: 1/19 [goblin (2)]
   110 | D:1      | Slain by a bat

Table legend: (Time is in decaauts)
 A = Elapsed time spent in this place.
 B = Non-inter-level travel time spent in this place.
 C = Inter-level travel time spent in this place.
 D = Time resting spent in this place.
 E = Time spent auto-exploring this place.
 F = Levels seen in this place.
 G = Mean time per level.
                   A        B        C        D        E       F      G
               +--------+--------+--------+--------+--------+-----+--------+
         Total |    113 |    113 |      0 |     25 |     47 |   1 |  113.0 |
       Dungeon |    113 |    113 |      0 |     25 |     47 |   1 |  113.0 |
               +--------+--------+--------+--------+--------+-----+--------+

Top non-repeatable levels by time:
     D:1: 113 daAuts

Table legend:
 A = Kills in this place as a percentage of kills in entire the game.
 B = Kills by you in this place as a percentage of kills by you in the entire game.
 C = Kills by friends in this place as a percentage of kills by friends in the entire game.
 D = Other kills in this place as a percentage of other kills in the entire game.
 E = Experience gained in this place as a percentage of experience gained in the entire game.
 F = Experience gained in this place divided by the number of levels of this place that you have seen.
                   A       B       C       D       E      F
               +-------+-------+-------+-------+-------+----------------------
         Total | 100.0 | 100.0 |   N/A |   N/A | 100.0 |  11.0
       Dungeon | 100.0 | 100.0 |   N/A |   N/A | 100.0 |  11.0
               +-------+-------+-------+-------+-------+----------------------

Action                   || total
-------------------------++-------
Melee: Club              ||     9
       Unarmed           ||     4
Throw: Large rock        ||     3
 Cast: Corona            ||     4
Armor: Robe              ||     5
Dodge: Dodged            ||    13

Vanquished Creatures
  A leopard gecko (D:1)
  2 goblins (D:1)
  A frilled lizard (D:1)
  A kobold (D:1)
  2 rats (D:1)
7 creatures vanquished.
